 Seeded DCSS version 0.29.1-15-g9cfb28693d (webtiles) character file.

Game seed: 4524094565954777691 (custom seed)

28 Sanktem7 the Trooper (level 2, 27/27 HPs)
             Began as a Minotaur Fighter on Mar 9, 2023.
             Got out of the dungeon alive.
             The game lasted 00:02:27 (1061 turns).

Sanktem7 the Trooper (Minotaur Fighter)             Turns: 1061, Time: 00:02:28

Health: 27/27      AC:  7    Str: 20    XL:     2   Next: 96%
Magic:  1/1        EV:  9    Int:  5    God:
Gold:   823        SH:  4    Dex:  9    Spells: 1/1 levels left

rFire   . . .      SeeInvis .   a - +0 war axe {axe}
rCold   . . .      Faith    .   c - +0 buckler
rNeg    . . .      Spirit   .   b - +0 scale mail
rPois   .          Reflect  .   (helmet restricted)
rElec   .          Harm     .   (no cloak)
rCorr   .          Rampage  .   (no gloves)
Will    .....                   (no boots)
Stlth   ..........              (no amulet)
HPRegen 0.09/turn               (no ring)
MPRegen 0.07/turn               (no ring)

@: no status effects
A: horns 2, retaliatory headbutt
a: no special abilities


You escaped.
You visited 1 branch of the dungeon, and saw 1 of its levels.

You collected 823 gold pieces.


Innate Abilities, Weirdness & Mutations

You have a pair of horns on your head.
You reflexively headbutt those who attack you in melee.


   Skills:
 * Level 4.2 Fighting
 * Level 3.2 Axes
 + Level 3.9 Armour
 - Level 3.6 Shields


You had one spell level left.
You didn't know any spells.
Your spell library contained the following spells:

 Spells                   Type           Power      Damage    Failure   Level
 Magic Dart               Conj           0%         1d3       89%         1
 Call Imp                 Summ           0%         N/A       96%         2
 Sublimation of Blood     Necr           0%         N/A       96%         2
 Wereblood                Tmut           0%         N/A       96%         2
 Mephitic Cloud           Conj/Pois/Air  0%         N/A       99%         3
 Summon Hydra             Summ           0%         N/A       100%        7

Inventory:

Hand Weapons
 a - a +0 war axe (weapon) {axe}
Missiles
 o - 7 stones (quivered) {throwing}
Armour
 b - a +0 scale mail (worn)
 c - a +0 buckler (worn)
Scrolls
 f - a scroll of teleportation {@r4}
 g - a scroll of blinking {unknown}
 k - 2 scrolls of identify {unknown}
 l - a scroll of poison {unknown}
 n - a scroll of enchant weapon {unknown}
Potions
 d - a potion of might
 h - a potion of cancellation {unknown}
 i - a potion of flight {unknown}
 j - a potion of mutation {unknown}
 m - a potion of haste {unknown}

Dungeon Overview and Level Annotations

Branches:
Dungeon (1/15) Zot: 4909

Altars:

#..>.# #.# #≈. ###### ##'##
#≈. # #...######≈.
#...'....... #...#......#
#...#.....>#
##########...####'###
##.......##...# #.###
######....@....###### #...'
##...................#######
#...⌠....##+##....⌠...######
#........#...#........#.....
#........'8.8+........#.....
###########'###########.....
#...#......[+.....
###...#######..... ###.#
#.....


There were no monsters in sight!


Message History

You kill the dart slug!
No target in view!
No target in view!
No target in view!
There is an open door here.
There is an open door here.
There is an open door here.
There is an open door here.
Key pressed, stopping explore.
l - a scroll labelled BENUMOA NIOBB As you open the door, it creaks loudly!
A bat comes into view.
The bat hits you but does no damage.
A bat is nearby!
Found a stone staircase leading down.
The bat hits you but does no damage. The bat hits you.
There is an open door here. 😕 HP[-1]
You take 1 damage, and now have 26/27 hp.
The bat hits you but does no damage. 😎 HP[+1]
Your hp is fully restored (27).
The bat hits you but does no damage. The bat hits you. 😕 HP[-1]
You take 1 damage, and now have 26/27 hp.
You hit the bat. Your headbutt misses the bat. The bat barely misses you.
You furiously retaliate!
You headbutt the bat!
You kill the bat!
No target in view!
No target in view!
No target in view!
You see here a bat corpse.
You open the door.
A goblin comes into view. It is wielding a +0 dagger.
The goblin shouts! 😎 HP[+1]
Your hp is fully restored (27).
A goblin is nearby!
The goblin barely misses you.
There is an open door here.
You hit the goblin. The goblin hits you but does no damage.
The goblin closely misses you.
You miss the goblin. Your headbutt misses the goblin.
The goblin hits you but does no damage.
You closely miss the goblin. The goblin barely misses you.
You hit the goblin.
You kill the goblin!
No target in view!
m - a silvery potion
n - a scroll labelled XOYDET USKAC You open the door.
There is an open door here.
Found an escape hatch in the floor.
There is an escape hatch in the floor here.
o - 7 stones {throwing} You see here a +0 leather armour.
You now have 50 gold pieces (gained 14).
Key pressed, stopping explore.
No target in view!
There is an escape hatch in the floor here.
There is an open door here.
There is an open door here.
You see here a bat corpse.
There is an open door here.
You enter the shallow water.
Moving in this stuff is going to be slow.
You enter the shallow water.
Moving in this stuff is going to be slow.
You enter the shallow water.
Moving in this stuff is going to be slow.
You enter the shallow water.
Moving in this stuff is going to be slow.
Partly explored, can't reach some places. 🤖 Initializing magus.rc ...
Options error: Delay interrupt name "hungry" not recognised. (~/.crawlrc:4856) Options error: Bad monster_list_colour key: strict_neutral (~/.crawlrc:4871) Bad channel name for runrest: 'pray:' ✅ Successfully initialized magus.rc [v1.9.6] Welcome back, Sanktem7 the Minotaur Fighter.
Game seed: 4524094565954777691 (custom seed) Press ? for a list of commands and other information.
As you read the scroll labelled HEYJOMPIFOV, it crumbles to dust.
You feel strangely unstable.
It was a scroll of teleportation.
This is a scroll of acquirement!
You hear a splash.
Something appears at your feet!
You now have 823 gold pieces (gained 773).
Partly explored, can't reach some places.
Partly explored, can't reach some places.
Partly explored, can't reach some places.
No target in view!
Your surroundings suddenly seem different.
There is a staircase leading out of the dungeon here.
There is a staircase leading out of the dungeon here.
You can't go down here!
You can't go down here!
Are you sure you want to leave the Dungeon?
This will make you lose the game!
You have escaped!

Skill      XL: |  1  2 |
---------------+-------+-----
Fighting       | 4 |  4.2
Axes           | 3 |  3.2
Armour         | |  3.9
Shields        | |  3.6

Action                   || total
-------------------------++-------
Melee: War axe           ||    41
       Headbutt          ||     4
  Use: Scroll            ||     2
Armor: Scale mail        ||    19
Dodge: Dodged            ||    23
Block: Buckler           ||     9

Levels and vault maps discovered:
D:1:      giann_wishing_wells, layout_basic, serial_rivers,
          chequers_serial_rivers_micro_d, chequers_serial_rivers_room_b,
          chequers_serial_rivers_large_a, chequers_serial_rivers_small_b,
          minmay_indecisive_spiral

Notes
Turn   | Place    | Note
-------+----------+-------------------------------------------
     0 | D:1      | Sanktem7 the Minotaur Fighter began the quest for the Orb.
     0 | D:1      | Reached XP level 1. HP: 19/19 MP: 0/0
     0 | D:1      | magus.rc [v1.9.6]
    62 | D:1      | You pick up a book of Blood and begin reading...
    62 | D:1      | You add the spells Sublimation of Blood, Wereblood and
                  | Summon Hydra to your library.
   174 | D:1      | Reached XP level 2. HP: 27/27 MP: 1/1
   177 | D:1      | Reached skill level 4 in Fighting
   185 | D:1      | Reached skill level 3 in Axes
   195 | D:1      | You pick up a book of Minor Magic and begin reading...
   195 | D:1      | You add the spells Magic Dart, Call Imp and Mephitic Cloud
                  | to your library.
  1047 | D:1      | magus.rc [v1.9.6]
  1048 | D:1      | Identified a scroll of acquirement
  1048 | D:1      | Acquired 773 gold pieces
  1061 | D:$      | Got out of the dungeon alive.

Vanquished Creatures
  3 dart slugs (D:1)
  2 bats (D:1)
  A giant cockroach (D:1)
  3 goblins (D:1)
  2 hobgoblins (D:1)
  A jackal (D:1)
  A kobold (D:1)
  A quokka (D:1)
  3 ball pythons (D:1)
  A frilled lizard (D:1)
  A rat (D:1)
19 creatures vanquished.

Table legend:
 A = Non-vault XP
 B = Vault XP
 C = Vault XP percentage of total XP
 D = Non-vault monster count
 E = Vault monster count
 F = Vault count percentage of total count
                 A         B        C        D         E       F
            +---------+---------+-------+---------+---------+-------
      Total |      34 |       6 |  15.0 |      15 |       4 |  21.1
            +---------+---------+-------+---------+---------+-------
        D:1 |      34 |       6 |  15.0 |      15 |       4 |  21.1
            +---------+---------+-------+---------+---------+-------

Illustrated notes

Table legend:
 A = Kills in this place as a percentage of kills in entire the game.
 B = Kills by you in this place as a percentage of kills by you in the entire game.
 C = Kills by friends in this place as a percentage of kills by friends in the entire game.
 D = Other kills in this place as a percentage of other kills in the entire game.
 E = Experience gained in this place as a percentage of experience gained in the entire game.
 F = Experience gained in this place divided by the number of levels of this place that you have seen.
                   A       B       C       D       E      F
               +-------+-------+-------+-------+-------+----------------------
         Total | 100.0 | 100.0 |   N/A |   N/A | 100.0 |  40.0
       Dungeon | 100.0 | 100.0 |   N/A |   N/A | 100.0 |  40.0
               +-------+-------+-------+-------+-------+----------------------

Table legend: (Time is in decaauts)
 A = Elapsed time spent in this place.
 B = Non-inter-level travel time spent in this place.
 C = Inter-level travel time spent in this place.
 D = Time resting spent in this place.
 E = Time spent auto-exploring this place.
 F = Levels seen in this place.
 G = Mean time per level.
                   A        B        C        D        E       F      G
               +--------+--------+--------+--------+--------+-----+--------+
         Total |   1090 |   1089 |      1 |      0 |    947 |   1 | 1090.0 |
       Dungeon |   1090 |   1089 |      1 |      0 |    947 |   1 | 1090.0 |
               +--------+--------+--------+--------+--------+-----+--------+

Top non-repeatable levels by time:
     D:1: 1090 daAuts
